 Dungeon Crawl Stone Soup version 0.25-a0-429-g4e43983 (webtiles) character file.

Game seed: 9750664066075441521, levelgen mode: deterministic

41 southernslant the Charmwright (level 3, 0/29 HPs)
             Began as a Barachi Skald on Jan 25, 2020.
             Slain by an iguana (7 damage)
             ... on level 2 of the Dungeon.
             The game lasted 00:02:42 (1261 turns).

southernslant the Charmwright (Barachi Skald)       Turns: 1261, Time: 00:02:42

Health: 0/29       AC:  3    Str: 12    XL:     3   Next: 52%
Magic:  7/7        EV: 12    Int: 13    God:
Gold:   34         SH:  0    Dex: 12    Spells: 4/7 levels left

rFire    . . .     SeeInvis .   a - +0 falchion
rCold    . . .     Gourm    .   (no shield)
rNeg     . . .     Faith    .   b - +0 leather armour
rPois    .         Spirit   .   (no helmet)
rElec    .         Reflect  .   (no cloak)
rCorr    .         Harm     .   (no gloves)
MR       .....                  (no boots)
Stlth    +.........             (no amulet)
HPRegen  0.09/turn              (no ring)
MPRegen  0.10/turn              (no ring)

@: slow
A: +LOS, swims, slowness 1, strong legs 1
a: Hop


You were on level 2 of the Dungeon.
You were hungry.

You visited 1 branch of the dungeon, and saw 2 of its levels.

You collected 34 gold pieces.

Inventory:

Hand Weapons
 a - a +0 falchion (weapon)
Missiles
 e - 11 poisoned darts (quivered)
Armour
 b - a +0 leather armour (worn)
Jewellery
 j - an uncursed amulet of magic regeneration {unknown}
Scrolls
 c - a scroll of enchant weapon {unknown}
 g - a scroll of remove curse {unknown}
 i - a scroll of identify {unknown}
 n - a scroll of noise {unknown}
Potions
 f - a potion of invisibility {unknown}
 h - a potion of agility {unknown}
 k - a potion of heal wounds {unknown}
 l - a potion of magic {unknown}
 m - a potion of haste {unknown}
Comestibles
 d - 2 rations


   Skills:
 * Level 3.2 Fighting
 + Level 2.7 Long Blades
 + Level 1.6 Armour
 * Level 2.8 Dodging
 * Level 2.7 Spellcasting
 - Level 3.2 Charms


You had 4 spell levels left.
You knew the following spells:

 Your Spells              Type           Power        Failure   Level  Hunger
a - Infusion              Chrm           ##..         8%          1    #......
b - Song of Slaying       Chrm           ##......     12%         2    ###....

Your spell library contained the following spells:

 Spells                   Type           Power        Failure   Level  Hunger
 Shroud of Golubria       Chrm/Tloc      #.....       24%         2    ###....
 Ozocubu's Armour         Chrm/Ice       #.......     43%         3    ###....
 Spectral Weapon          Hex/Chrm       #.......     43%         3    ###....


Dungeon Overview and Level Annotations

Branches:
Dungeon (2/15)

Altars:


Innate Abilities, Weirdness & Mutations

You can be seen from farther away. (+LOS)
You can swim through water.
You cover ground slowly.
You can hop short distances.


Message History

You hit the iguana.
The iguana is moderately wounded.
The iguana bites you!
You barely miss the iguana.
The iguana is moderately wounded.
The iguana bites you.
You hit the iguana.
The iguana is heavily wounded.
The iguana barely misses you.
You hit the iguana but do no damage.
The iguana is heavily wounded.
The iguana bites you. x2
* * * LOW HITPOINT WARNING * * *
You closely miss the iguana.
The iguana is heavily wounded.
The iguana bites you but does no damage.
You hit the iguana but do no damage.
The iguana is heavily wounded.
The iguana bites you!
You die...

#........# #.# #..).....#
#.# #........# #.#
#........# #.#
#........###### #.#
#.....)......#############.#
#.......####...............#
#.......####################
#..........@l.....#
#################.#


You could see an iguana.

Vanquished Creatures
  A gnoll (D:1)
  An ooze (D:1)
  3 bats (D:1)
  6 goblins
  3 hobgoblins
  3 kobolds (D:1)
  6 frilled lizards (D:1)
  2 rats (D:1)
25 creatures vanquished.

Notes
Turn   | Place    | Note
-------+----------+-------------------------------------------
     0 | D:1      | southernslant the Barachi Skald began the quest for the
                  | Orb.
     0 | D:1      | Reached XP level 1. HP: 17/17 MP: 3/3
    39 | D:1      | Reached XP level 2. HP: 1/23 MP: 5/5
   402 | D:1      | Learned a level 2 spell: Song of Slaying
   431 | D:1      | Reached XP level 3. HP: 25/29 MP: 6/6
  1261 | D:2      | Slain by an iguana

Levels and vault maps discovered:
D:1:      lightli_arrival_statue_moat, layout_basic
D:2:      layout_basic, grunt_gozag_breadcrumbs

Skill      XL: |  1  2 |
---------------+-------+-----
Fighting       | 3 |  3.2
Long Blades    | |  2.7
Armour         | |  1.6
Dodging        | |  2.8
Spellcasting   | |  2.7
Charms         | |  3.2

Action                   || total
-------------------------++-------
Melee: Falchion          ||    74
  Eat: Chunk             ||     1
Armor: Leather armour    ||    25
Dodge: Dodged            ||    57
       Rpst.: Falchion   ||    17

Table legend:
 A = Non-vault XP
 B = Vault XP
 C = Vault XP percentage of total XP
 D = Non-vault monster count
 E = Vault monster count
 F = Vault count percentage of total count
                 A         B        C        D         E       F
            +---------+---------+-------+---------+---------+-------
      Total |      59 |       0 |   0.0 |      25 |       0 |   0.0
            +---------+---------+-------+---------+---------+-------
        D:1 |      55 |       0 |   0.0 |      23 |       0 |   0.0
        D:2 |       4 |       0 |   0.0 |       2 |       0 |   0.0
            +---------+---------+-------+---------+---------+-------
